 Dungeon Crawl Stone Soup version 0.30.1-1-g62c8e00024 (webtiles) character file.

Game seed: 10685273510200400896

46 Arctor the Magician (level 3, 0/19 HPs)
             Began as a Deep Elf Air Elementalist on July 16, 2023.
             Slain by an adder (1 damage)
             ... on level 2 of the Dungeon.
             The game lasted 00:01:31 (1264 turns).

Arctor the Magician (Deep Elf Air Elementalist)     Turns: 1264, Time: 00:01:32

Health: 0/19       AC:  3    Str:  5    XL:     3   Next: 44%
Magic:  6/10       EV: 13    Int: 21    God:
Gold:   115        SH:  0    Dex: 15    Spells: 3/9 levels left

rFire   . . .        f - +4 short sword
rCold   . . .        (no shield)
rNeg    . . .        a - +0 robe
rPois   .            e - +0 helmet
rElec   .            (no cloak)
rCorr   .            (no gloves)
SInv    .            (no boots)
Will    .....        (no amulet)
Stlth   ++           (no ring)
HPRegen 0.23/turn    (no ring)
MPRegen 0.12/turn

%: no passive effects
@: lethally poisoned (0 -> -7)
A: no striking features
a: no special abilities


You were on level 2 of the Dungeon.
You visited 1 branch of the dungeon, and saw 2 of its levels.

You collected 115 gold pieces.

Inventory:

Hand Weapons
 f - a +4 short sword (weapon)
Armour
 a - a +0 robe (worn)
 e - a +0 helmet (worn)
Scrolls
 g - a scroll of teleportation
Potions
 b - a potion of magic
 c - 4 potions of attraction
 h - 2 potions of curing {unknown}


   Skills:
 + Level 3.0 Dodging
 + Level 3.1 Stealth
 + Level 3.5 Spellcasting
 + Level 1.9 Conjurations
 + Level 3.3 Air Magic


You had 3 spell levels left.
You knew the following spells:

 Your Spells              Type           Power      Damage    Failure   Level
a - Shock                 Conj/Air       56%        1d6       4%          1
b - Static Discharge      Conj/Air       28%        2-4/arc   6%          2
c - Swiftness             Air            17%        N/A       10%         3

Your spell library contained the following spells:

 Spells                   Type           Power      Damage    Failure   Level
 Magic Dart               Conj           44%        1d5       6%          1
 Searing Ray              Conj           22%        2d5       9%          2
 Airstrike                Air            8%         2d(2-18)  32%         4
 Fulminant Prism          Conj/Hex       3%         3d5       63%         4


Dungeon Overview and Level Annotations

Branches:
Dungeon (2/15)

Altars:


Message History

The goblin is severely wounded.
The zap hits the adder.
The adder is moderately wounded.
The adder bites you.
You are poisoned.
The adder poisons you! The goblin barely misses you.
Casting: Shock (safe; 4% risk of failure)
Confirm with . or Enter, or press ? or * to list all spells.
Aiming: Shock (safe; 4% risk of failure)
Press: ? - help, Shift-Dir - straight line, f/p - goblin
Aim: a goblin, wielding a +0 club (severely wounded, 64% to hit)
The zap hits the goblin.
You kill the goblin!
You feel sick. The adder bites you. The adder bites you but does no damage.
Casting: Shock (safe; 4% risk of failure)
Confirm with . or Enter, or press ? or * to list all spells.
Aiming: Shock (safe; 4% risk of failure)
Press: ? - help, Shift-Dir - straight line The zap misses the adder.
The zap hits the adder.
The adder is almost dead.
You feel sick. The adder bites you.
* * * LOW HITPOINT WARNING * * *
You are lethally poisoned!
The adder poisons you! The adder closely misses you.
Unknown command.
* * * LOW HITPOINT WARNING * * *
You feel sick. The adder bites you.
* * * LOW HITPOINT WARNING * * *
You are more poisoned.
The adder poisons you!
Casting: Shock (safe; 4% risk of failure)
Confirm with . or Enter, or press ? or * to list all spells.
Aiming: Shock (safe; 4% risk of failure)
Press: ? - help, Shift-Dir - straight line, f - adder
Aim: an adder (almost dead, 53% to hit)
The zap hits the adder.
You kill the adder!
* * * LOW HITPOINT WARNING * * *
You feel sick. The adder bites you but does no damage. The adder bites you.
You die...

##### ########...#
#..........# ##
#.######...##.## #.#
#......@.).#
##.###.###.#.S....#
#.......##...........
#..###..####..#......
#..# #..###..###.....
#..###........# .....
#.....#.###...# ....
#.###.#.# ##..# ..?.
#. ##.#.# ##..#


You could see an adder.

Vanquished Creatures
  An adder (D:2)
  A gnoll (D:1)
  2 ball pythons
  5 bats (D:1)
  3 endoplasms (D:1)
  5 giant cockroaches
  4 goblins
  2 hobgoblins (D:1)
  A quokka (D:1)
  3 frilled lizards (D:1)
  3 kobolds (D:1)
  3 rats
33 creatures vanquished.

Notes
Turn   | Place    | Note
-------+----------+-------------------------------------------
     0 | D:1      | Arctor the Deep Elf Air Elementalist began the quest for
                  | the Orb.
     0 | D:1      | Reached XP level 1. HP: 10/10 MP: 6/6
   269 | D:1      | Reached XP level 2. HP: 15/15 MP: 6/8
   529 | D:1      | Found a faded altar of an unknown god.
   654 | D:1      | Reached XP level 3. HP: 19/19 MP: 7/9
   663 | D:1      | Learned a level 2 spell: Static Discharge
   667 | D:1      | Learned a level 3 spell: Swiftness
  1264 | D:2      | Slain by an adder

Illustrated notes

Levels and vault maps discovered:
D:1:      erik_arrival_triangle_small, layout_basic,
          shapermc_ecumenical_altar_starsandcircs, st_stairs_11
D:2:      layout_loops_corners, basic_altar, nicolae_half_adder

Skill      XL: |  1  2  3 |
---------------+----------+-----
Stealth        | 3 |  3.1
Dodging        | 3 |  3.0
Spellcasting   | |  3.5
Conjurations   | |  1.9
Air Magic      | |  3.3

Action                     || total
---------------------------++-------
  Melee: Short sword       ||    20
   Cast: Shock             ||    53
    Use: Scroll            ||     2
   Stab: Sleeping          ||     2
 Armour: Robe              ||     7
  Dodge: Dodged            ||    19
